 Dungeon Crawl Stone Soup version 0.20.1-1-g8b1a95d (webtiles) character file.

18 letownia2 the Grave Robber (level 2, 18/22 HPs)
             Began as a Deep Dwarf Necromancer on Nov 24, 2017.
             Quit the game on level 1 of the Dungeon.
             The game lasted 00:01:18 (514 turns).

letownia2 the Grave Robber (Deep Dwarf Necromancer)  Turns: 514, Time: 00:01:19

Health: 18/22      AC:  0    Str: 11    XL:     2   Next: 48%
Magic:  2/5        EV: 12    Int: 15    God:
Gold:   0          SH:  0    Dex: 13    Spells: 4/5 levels left

rFire    . . .     SeeInvis .   g - +1 whip (freeze)
rCold    . . .     Gourm    .   (no shield)
rNeg     . . .     Faith    .   a - +0 robe
rPois    .         Spirit   .   (no helmet)
rElec    .         Reflect  .   (no cloak)
rCorr    .         Harm     .   (no gloves)
MR       .....                  (no boots)
Stlth    ++........             (no amulet)
Regen    0.0/turn               j - -2 ring of protection (curse)
MPRegen  0.1/turn               (no ring)

@: non-regenerating
A: damage resistance, heal wounds, sense surroundings 1, no regeneration
a: Heal Wounds


You were on level 1 of the Dungeon.
You were not hungry.

You visited 1 branch of the dungeon, and saw 1 of its levels.

Inventory:

Hand Weapons
 g - a +1 whip of freezing (weapon)
Armour
 a - a +0 robe (worn)
Jewellery
 j - a cursed -2 ring of protection (left hand)
Scrolls
 e - a scroll of fear {unknown}
 f - a scroll of amnesia {unknown}
Potions
 h - a potion of lignification {unknown}
 i - a potion of flight {unknown}
 k - a potion of haste {unknown}
Books
 b - a book of Necromancy

   Spells                             Type                      Level
   a - Pain                           Necromancy                   1
   b - Animate Skeleton               Necromancy                   1
   c - Vampiric Draining              Necromancy                   3
   d - Regeneration                   Charms/Necromancy            3
   e - Animate Dead                   Necromancy                   4
   f - Control Undead                 Necromancy                   4
Comestibles
 c - 2 bread rations
 d - a meat ration


   Skills:
 - Level 2.1 Dodging
 - Level 2.4 Stealth
 + Level 2.3 Spellcasting
 + Level 4.7 Necromancy


You had 4 spell levels left.
You knew the following spells:

 Your Spells              Type           Power        Failure   Level  Hunger
a - Pain                  Necr           ###.         3%          1    #......


Dungeon Overview and Level Annotations

Branches:
Dungeon (1/15)

Altars:


Innate Abilities, Weirdness & Mutations

You are resistant to damage.
You can heal yourself by infusing magical energy.
You passively map a small area around you.
You do not regenerate.


Message History

Aim: a goblin, wielding a dagger (chance to defeat MR: 85%)
The goblin writhes in agony!
Casting: Pain
Confirm with . or Enter, or press ? or * to list all spells.
Aiming: Pain
Press: ? - help, Shift-Dir - straight line, f/p - goblin
Aim: a goblin, wielding a dagger (moderately wounded, chance to defeat MR: 85%)
The goblin writhes in agony!
The goblin misses you.
Casting: Pain
Confirm with . or Enter, or press ? or * to list all spells.
Aiming: Pain
Press: ? - help, Shift-Dir - straight line, f/p - goblin
Aim: a goblin, wielding a dagger (heavily wounded, chance to defeat MR: 85%)
The goblin writhes in agony!
You kill the goblin!
Casting: Pain
Confirm with . or Enter, or press ? or * to list all spells.
You can't see any susceptible monsters within range! (Use Z to cast anyway.)
k - a ruby potion Are you sure you want to abandon this character and quit the game? (Confirm with "yes".)

###.# ##.########.# ##. ##...##
#...........#* #. ##..(..##
#..#......... *#.
##.......######..#.#####..# #.
#................#.# #..# #.
#...............##.# #.
#..........#######.#####..##. *.
##.......#.# #......).......##.
##.....##.# #@##............##
##.....#.# #.##.####.#.#...##
##.#....# #.##.####.# #...##
#......####.##.##....,#...##
######...........##.##.#.#*#...##
..............#.....##.#.###.....
######.......##..##...........###
#...........................
#.#..).......####.#.#######.


There were no monsters in sight!

Vanquished Creatures
  2 leopard geckos (D:1)
  A ball python (D:1)
  2 giant cockroaches (D:1)
  A hobgoblin (D:1)
  2 kobolds (D:1)
  A bat (D:1)
  A frilled lizard (D:1)
  2 goblins (D:1)
  3 rats (D:1)
15 creatures vanquished.

Notes
Turn   | Place    | Note
-------+----------+-------------------------------------------
     0 | D:1      | letownia2 the Deep Dwarf Necromancer began the quest for the Orb.
     0 | D:1      | Reached XP level 1. HP: 15/15 MP: 3/3
   262 | D:1      | Reached XP level 2. HP: 19/22 MP: 1/5
   514 | D:1      | Quit the game

Skill      XL: |  1 |
---------------+----+-----
Spellcasting   | 2 |  2.3
Dodging        | |  2.1
Stealth        | |  2.4
Necromancy     | |  4.7

Action                   || total
-------------------------++-------
Melee: Whip              ||    10
 Cast: Pain              ||    26
Armor: Robe              ||     1
Dodge: Dodged            ||    13
